Unix NetHack Version 3.7.0-71 Work-in-progress - last build Jan 31 2023 02:41:03 (7ba98a1283f2b7cec35fde026edb48fc825ab8ae,branch:master). Game began 2023-02-05 00:49:21, ended 2023-02-05 02:05:27. galadriel, neutral female human Priestess ------- ------------ #######......| ----------- ##......[(<..| |.....| ###-.........| # |.....@a...-## #####################+.....| # |.........| ##### --------[--- # #-------- # ---.--- # |...%......### # #####.......| #### ### # |.........| # #|.......### # ## ## ----------- ## 0|.{....| # ### # -------## # ####.......| # # # |!?!/.|# ######### # # #|...>..-##### ## |+?(..|# 0####### # # #-------- ## -----|-------- |.%%[.-# -.-.-- # # ###-.......)....| ------- |..[.-###### |............| |..<.| # |...%........| |....| ## |............| |.....## ####.............| |.{..| -------------- ------ Galadriel the Adept St:10 Dx:12 Co:16 In:9 Wi:17 Ch:12 Neutral S:2636 Dlvl:7 $:0 HP:0(47) Pw:58(58) AC:6 Xp:6/569 T:6893 Latest messages: The white unicorn drops a giant beetle corpse. You descend the stairs. Where do you want to travel to? (For instructions type a '?') You descend the stairs. Where do you want to travel to? (For instructions type a '?') You swap places with your white unicorn. You hit the gnome lady! The gnome lady hits! You hit the gnome lady! You kill the gnome lady! The white unicorn butts it. The white unicorn misses it. It bites the white unicorn. The white unicorn butts it. You descend the stairs. Where do you want to travel to? (For instructions type a '?') The giant ant bites! You miss the giant ant. The giant ant bites! You hit the giant ant! The giant ant bites! The giant ant bites! You miss the giant ant. The giant ant bites! You miss the giant ant. The giant ant bites! The giant ant bites! You miss the giant ant. The giant ant bites! The giant ant bites! You miss the giant ant. The giant ant bites! What do you want to write with? [- aquxCEJV or ?*] - You write in the dust with your fingertip. What do you want to write in the dust here? Elbereth The giant ant bites! The giant ant bites! You hit the giant ant! The giant ant bites! The giant ant bites! What do you want to zap? [xCJ or ?*] ? In what direction? l The wand misses the giant ant. The giant ant bites! The giant ant bites! You die... Do you want your possessions identified? [ynq] (y) q Inventory: Weapons u - 6 blessed +0 arrows (in quiver) a - a blessed +1 mace (weapon in hand) Armor P - a +0 orcish helm (being worn) c - a +0 small shield (being worn) b - a +0 robe (being worn) Comestibles s - 2 food rations U - a pear B - 4 tripe rations D - a cursed rotten tin of ape meat I - 2 eggs Q - a lizard corpse Potions l - a potion of see invisible d - 3 potions of holy water Rings E - a +1 ring of protection V - a ring of see invisible (on left hand) Wands J - a wand of light (0:13) x - a wand of make invisible (0:4) C - a cursed wand of striking (0:3) Tools k - a skeleton key Gems/Stones q - a worthless piece of yellowish brown glass Galadriel the Priestess's attributes: Background: You were an Adept, a level 6 human Priestess. You were neutral, on a mission for Ishtar who was opposed by Anu (lawful) and Anshar (chaotic). You were in the Dungeons of Doom, on level 7. You entered the dungeon 6893 turns ago. It was nighttime. There was a full moon in effect when your adventure ended. You had 569 experience points, 71 more were needed to attain level 7. Your score was 2636 before end-of-game adjustments. Basics: You had 0 out of 47 hit points. You had all 58 energy points (spell power). Your armor class was 6. Your wallet was empty. Autopickup was off. Final Characteristics: Your strength was 10 (peak:12, limit:18/100). Your dexterity was 12 (limit:18). Your constitution was 16 (limit:18). Your intelligence was 9 (limit:18). Your wisdom was 17 (limit:18). Your charisma was 12 (limit:18). Final Status: You were not hungry. You were unencumbered. You were wielding a mace. You were skilled in mace. Final Attributes: You were piously aligned. You saw invisible. You were guarded. You were lucky. You are dead. Miscellaneous: You never encountered a bones level. Total elapsed playing time was 53 minutes and 12 seconds. Major events: Turn 1: galadriel the neutral human Priestess entered the dungeon 1398: entered the Gnomish Mines 2174: attained the rank of Acolyte (level 3) 2837: entered Sokoban 3270: completed 1st Sokoban level 3858: completed 2nd Sokoban level 5023: attained the rank of Adept (level 6) 6739: completed 3rd Sokoban level 6893: killed by a giant ant Vanquished creatures: a small mimic a large dog a giant beetle a gremlin 2 leprechauns an iron piercer a horse a lizard a dingo 2 dogs a housecat a raven a water nymph 3 rock piercers a rock mole 2 ponies a yellow light 4 gnome leaders a gnomish wizard 3 kobold mummies a golden naga hatchling a gray ooze a paper golem a giant ant 2 little dogs a floating eye a dwarf a kobold leader 2 rothes 2 giant bats an iguana 4 killer bees 3 acid blobs a gas spore 3 hobgoblins a giant rat a brown mold 2 yellow molds a green mold a red mold 3 geckos 5 jackals a fox 2 kobolds 3 goblins 4 sewer rats 9 grid bugs 6 lichens 2 kobold zombies 6 newts 102 creatures vanquished. No species were genocided or became extinct. Voluntary challenges: You read items or engraved 7 times. You engraved Elbereth 2 times. You never genocided any monsters. You never polymorphed an object. You never changed form. You used no wishes. You did not violate any of the special Sokoban rules. Achievements: You entered a shop. You entered the Gnomish Mines. You attained the rank of Acolyte. You entered Sokoban. You attained the rank of Adept. The Dungeons of Doom: levels 1 to 8 Level 1: An altar to Ishtar, a sink. Level 2: A general store, a fountain. Level 3: A fountain. Stairs down to The Gnomish Mines. Level 4: A general store, a sink. Level 5: Many altars. Level 6: Many fountains. Oracle of Delphi. Level 7: <- You were here. A general store, some fountains. Stairs up to Sokoban, level 6. Final resting place for you, killed by a giant ant. Level 8: The Gnomish Mines: Level 4: Sokoban: levels 6 up to 3 Level 3: Unsolved. Level 4: Solved. Level 5: Solved. Level 6: Solved. Game over: ---------- / \ / REST \ / IN \ / PEACE \ / \ | galadriel | | 0 Au | | killed by a | | giant ant | | | | | | 2023 | *| * * * | * _________)/\\_//(\/(/\)/\//\/|_)_______ Goodbye galadriel the Priestess... You died in The Dungeons of Doom on dungeon level 7 with 2636 points, and 0 pieces of gold, after 6893 moves. You were level 6 with a maximum of 47 hit points when you died.